 Dungeon Crawl Stone Soup version 0.30-a0-937-ga0a21ad780 (webtiles) character file.

Game seed: 6730336777933908992

74 Demosthentine the Poker (level 4, 0/34 HPs)
             Began as a Demonspawn Gladiator on Mar 25, 2023.
             Slain by a sleepcap (5 damage)
             ... on level 3 of the Dungeon.
             The game lasted 00:01:29 (1859 turns).

Demosthentine the Poker (Demonspawn Gladiator)      Turns: 1859, Time: 00:01:30

Health: 0/34       AC:  3    Str: 17    XL:     4   Next: 10%
Magic:  4/4        EV: 12    Int:  9    God:
Gold:   86         SH:  0    Dex: 14    Spells: 3/3 levels left

rFire   . . .      SeeInvis .    a - +0 trident
rCold   . . .      Faith    .    (no shield)
rNeg    . . .      Spirit   .    b - +0 leather armour
rPois   .          Reflect  .    (helmet restricted)
rElec   .          Rampage  .    (no cloak)
rCorr   .                        (no gloves)
Will    .....                    (no boots)
Stlth   +                        (no amulet)
HPRegen 0.25/turn                (no ring)
MPRegen 0.09/turn                (no ring)

@: no status effects
A: hooves 1, horns 1
a: no special abilities


You were on level 3 of the Dungeon.
You visited 1 branch of the dungeon, and saw 3 of its levels.

You collected 86 gold pieces.

Inventory:

Hand Weapons
 a - a +0 trident (weapon)
Missiles
 d - 3 throwing nets (quivered)
 e - 4 javelins
Armour
 b - a +0 leather armour (worn)
Scrolls
 c - a scroll of fear
 g - a scroll of teleportation
 h - a scroll of enchant armour
Potions
 f - a potion of magic {unknown}
 k - 2 potions of brilliance


   Skills:
 + Level 2.8 Fighting
 + Level 3.2 Polearms
 - Level 1.7 Throwing
 + Level 1.4 Armour
 + Level 3.2 Dodging


You had 3 spell levels left.
You didn't know any spells.
Your spell library contained the following spells:

 Spells                   Type           Power      Damage    Failure   Level
 Hailstorm                Conj/Ice       0%         3d3       82%         3
 Summon Guardian Golem    Hex/Summ       0%         N/A       82%         3
 Ice Form                 Ice/Tmut       0%         N/A       99%         4
 Simulacrum               Ice/Necr       0%         N/A       100%        6
 Orb of Destruction       Conj           0%         9d5       100%        7
 Spellforged Servitor     Conj/Summ      0%         N/A       100%        7


Dungeon Overview and Level Annotations

Branches:
Dungeon (3/15)

Altars:


Innate Abilities, Weirdness & Mutations

You have large cloven feet.
You have a pair of small horns on your head.


Message History

There are monsters nearby!
A quokka comes into view.
Found a glowing purple potion.
You reach to attack!
You hit the quokka.
The quokka is almost dead.
The kobold shouts!
You puncture the quokka!
You kill the quokka!
You puncture the hobgoblin!
You kill the hobgoblin!
You barely miss the kobold.
You headbutt the kobold, but do no damage.
The kobold barely misses you.
You puncture the kobold!
You kill the kobold!
The quokka bites you.
You barely miss the quokka. Your kick misses the quokka.
You headbutt the quokka.
You kill the quokka!
You completely miss the sleepcap.
You kick the sleepcap, but do no damage.
The sleepcap closely misses you.
You hit the sleepcap.
The sleepcap is moderately damaged.
The sleepcap releases spores at you!
You are engulfed in a cloud of soporific spores!
You fall asleep.
An adder comes into view.
The sleepcap releases spores at you!!
You wake up.
Ouch! That really hurt!
* * * LOW HITPOINT WARNING * * *
The kobold barely misses you.
You are too injured to fight recklessly!
Unknown command.
Unknown command.
The sleepcap attacks as you move away! The sleepcap closely misses you.
The kobold attacks as you move away! The kobold barely misses you.
Unknown command.
The sleepcap attacks as you move away! The sleepcap releases spores at you.
You die...

.... ....! ###
..... ..# !
...####.#
..........# #
....#..#..#.##
.......#.<...#
#.@.##..#
#f#........
#)..........
...K#.......
[##..........
.. #.###...# #
.. K.. .#.#
.#. .# .. ..#
..


You could see a sleepcap and a kobold.

Vanquished Creatures
  3 gnolls
  A worm (D:2)
  6 bats
  5 endoplasms
  A giant cockroach (D:2)
  A goblin (D:1)
  5 hobgoblins
  A kobold (D:3)
  4 quokkas
  6 ball pythons
  3 frilled lizards (D:1)
  7 rats
43 creatures vanquished.

Notes
Turn   | Place    | Note
-------+----------+-------------------------------------------
     0 | D:1      | Demosthentine the Demonspawn Gladiator began the quest for
                  | the Orb.
     0 | D:1      | Reached XP level 1. HP: 16/16 MP: 1/1
   232 | D:1      | Discovered your monstrous ancestry.
   232 | D:1      | Gained mutation: You have large cloven feet. [demonic
                  | ancestry]
   232 | D:1      | Reached XP level 2. HP: 22/22 MP: 2/2
   637 | D:1      | Found a faded altar of an unknown god.
   731 | D:2      | Reached skill level 1 in Armour
   787 | D:1      | Gained mutation: You have a pair of small horns on your
                  | head. [demonic ancestry]
   787 | D:1      | Reached XP level 3. HP: 9/28 MP: 3/3
  1641 | D:2      | Reached XP level 4. HP: 34/34 MP: 4/4
  1859 | D:3      | Slain by a sleepcap

Illustrated notes

Levels and vault maps discovered:
D:1:      scummos_arrival_star, layout_loops_ring,
          shapermc_ecumenical_altar_mp_urbaneastern, minmay_misc_feat_x
D:2:      layout_loops_ring, nicolae_grassy_gnolls
D:3:      layout_basic, minmay_fractal_squares_5, uniq_sigmund

Skill      XL: |  1  2 |
---------------+-------+-----
Dodging        | 3 |  3.2
Polearms       | 3 |  3.2
Armour         | 1 |  1.4
Fighting       | |  2.8
Throwing       | |  1.7

Action                     |  1- 3 |  4- 6 || total
---------------------------+-------+-------++-------
  Melee: Trident           |   120 |    11 ||   131
         Kick              |    20 |     1 ||    21
         Punch             |     1 |       ||     1
         Headbutt          |     3 |     2 ||     5
    Use: Scroll            |     5 |     1 ||     6
   Stab: Sleeping          |     5 |       ||     5
 Armour: Leather armour    |    28 |     1 ||    29
  Dodge: Dodged            |    69 |     5 ||    74

Table legend: (Time is in decaauts)
 A = Elapsed time spent in this place.
 B = Non-inter-level travel time spent in this place.
 C = Inter-level travel time spent in this place.
 D = Time resting spent in this place.
 E = Time spent auto-exploring this place.
 F = Levels seen in this place.
 G = Mean time per level.
                   A        B        C        D        E       F      G
               +--------+--------+--------+--------+--------+-----+--------+
         Total |   1883 |   1854 |     29 |    264 |   1254 |   3 |  627.7 |
       Dungeon |   1883 |   1854 |     29 |    264 |   1254 |   3 |  627.7 |
               +--------+--------+--------+--------+--------+-----+--------+

Top non-repeatable levels by time:
     D:1: 1150 daAuts
     D:2: 718 daAuts
     D:3: 14 daAuts
